 Dungeon Crawl Stone Soup version 0.25-a0-528-g6b7c99946c (webtiles) character file.

Game seed: 4717650938502533575, levelgen mode: deterministic

8558 kae the Martial Artist (level 11, -2/86 HPs)
             Began as a Red Draconian Transmuter on Feb 19, 2020.
             Was an Elder of Wu Jian.
             Slain by an unseen horror (9 damage)
             ... on level 11 of the Dungeon.
             The game lasted 00:19:02 (14075 turns).

kae the Martial Artist (Red Draconian Transmuter)  Turns: 14075, Time: 00:19:02

Health: -2/86      AC: 11    Str: 12    XL:     11   Next: 11%
Magic:  17/17      EV: 15    Int: 13    God:    Wu Jian [****..]
Gold:   515        SH:  0    Dex: 14    Spells: 7/18 levels left

rFire    + . .     SeeInvis .     - Unarmed
rCold    + . .     Gourm    .   (no shield)
rNeg     . . .     Faith    .   (armour unavailable)
rPois    +         Spirit   .   (helmet restricted)
rElec    .         Reflect  .   r - scarf {repulsion}
rCorr    .         Harm     .   (no gloves)
MR       .....                  (no boots)
Stlth    +.........             (no amulet)
HPRegen  0.24/turn              m - +3 ring of evasion
MPRegen  0.15/turn              n - +4 ring of protection

@: short of breath, repel missiles
A: breathe fire, unfitting armour, stinger 1, clumsy 1, cold resistance 1, fire
resistance 1, poison resistance, cold-blooded, AC +7
a: Breathe Fire, Wall Jump, Serpent's Lash, Renounce Religion


You were on level 11 of the Dungeon.
You worshipped Wu Jian.
Wu Jian was greatly pleased with you.
You were not hungry.

You visited 2 branches of the dungeon, and saw 12 of its levels.
You also visited: Ossuary.

You collected 515 gold pieces.

Inventory:

Missiles
 a - 188 arrows
Armour
 r - a scarf of repulsion (worn)
Jewellery
 k - an uncursed ring of protection from fire
 m - a +3 ring of evasion (left hand)
 n - a +4 ring of protection (right hand)
Wands
 f - a wand of polymorph (8)
 o - a wand of digging (5)
 v - a wand of random effects (42)
 y - a wand of clouds (2)
 A - a wand of acid (8)
 C - a wand of flame (18)
Scrolls
 d - 5 scrolls of remove curse
 h - 14 scrolls of identify
 i - 2 scrolls of amnesia
 j - 2 scrolls of enchant weapon
 p - 4 scrolls of teleportation
 w - 2 scrolls of blinking
 x - 2 scrolls of magic mapping
 z - a scroll of fog
Potions
 b - 7 potions of flight
 e - 6 potions of curing
 g - a potion of resistance
 l - a potion of magic
 q - 2 potions of haste
 s - 2 potions of lignification
 t - 2 potions of stabbing
 u - a potion of invisibility
 B - a potion of ambrosia
Comestibles
 c - 26 rations
 D - 4 chunks of flesh


   Skills:
 - Level 5.0 Fighting
 - Level 1.7 Dodging
 * Level 13.1 Unarmed Combat
 + Level 4.0 Spellcasting
 + Level 9.6 Transmutations


You had 7 spell levels left.
You knew the following spells:

 Your Spells              Type           Power        Failure   Level  Hunger
a - Beastly Appendage     Tmut           ####..       1%          1    None
b - Sticks to Snakes      Tmut           ####....     1%          2    ##.....
c - Spider Form           Tmut/Pois      ###.......   9%          3    ###....
d - Blade Hands           Tmut           ####......   11%         5    ######.

Your spell library contained the following spells:

 Spells                   Type           Power        Failure   Level  Hunger
 Animate Skeleton         Necr           N/A          21%         1    None
 Apportation              Tloc           #.....       21%         1    None
 Corona                   Hex            #......      21%         1    None
 Foxfire                  Conj/Fire      #...         21%         1    None
 Summon Small Mammal      Summ           #...         21%         1    None
 Ice Form                 Ice/Tmut       ###.....     28%         4    ####...
 Conjure Flame            Conj/Fire      #.......     52%         3    ###....
 Inner Flame              Hex/Fire       #.......     52%         3    ###....
 Sticky Flame             Conj/Fire      #.......     90%         4    ####...
 Fireball                 Conj/Fire      #.........   99%         5    ######.


Dungeon Overview and Level Annotations

Branches:
Dungeon (11/15)            Temple (1/1) D:6         Ossuary (visited)
   Lair: D:8-11         Orc: D:9-12

Altars:
Ashenzari
Cheibriados
Dithmenos
Elyvilon
Fedhas
Gozag
Hepliaklqana
Kikubaaqudgha
Makhleb
Nemelex Xobeh
Okawaru
Qazlal
Ru
Sif Muna
Trog
Uskayaw
Vehumet
Wu Jian
Xom
Yredelemnul
Zin
The Shining One

Shops:
D:5 :**   D:10 ?

Annotations:
D:3 2 runed translucent doors, Error4North's ghost, amateur MiFi
D:5 2 transporters, cheekibreeki's ghost, amateur HOFi
D:10 4 runed translucent doors


Innate Abilities, Weirdness & Mutations

You can breathe blasts of fire.
Your fiery red scales are hard. (AC +7)
You cannot fit into any form of body armour.
Your flesh is heat resistant. (rF+)
You are cold-blooded and may be slowed by cold attacks.
Your tail ends in a poisonous barb.
You are clumsy. (Dex -2)
Your flesh is cold resistant. (rC+)
Your system is resistant to poisons. (rPois)


Message History

You feel somewhat more hungry. Something hits you. x2
You closely miss something. Something barely misses you.
You punch something! Something hits you!
* * * LOW HITPOINT WARNING * * *
The crimson imp blinks!
You hit something but do no damage. Something hits you but does no damage.
The crimson imp blinks!
Something barely misses you.
You feel better. Something hits you!
* * * LOW HITPOINT WARNING * * *
You miss something. You tail-slap something.
Something hits you but does no damage.
You punch something!
Something hits you but does no damage. x2
You hit something. Something hits you but does no damage.
You miss something. Something hits you.
* * * LOW HITPOINT WARNING * * *
You barely miss something. Something hits you but does no damage.
Something hits you!
* * * LOW HITPOINT WARNING * * *
Something hits you!
You die...

... ##.###. ..# ##.## ##
###.# #.## # ### ...# ##.##
## . ... #.###########.###.
...##.#####............(.#.#
.........##..>..#########.##
#....##.###.#####.......
...≈...#5##@# #.............
.#...#..#†..# #.#####..#.#.#
#P. ##.##### #.# #..#.#..
..P ..#######§# ###..#.#(.
.. P.≈#...§§§§# #....<#).. .
P...######§8###.#..#.#.#
..##. #§§§§.....#.#)# ... ..
#.§§§.....÷.).#
#§.§§.......)..


There were no monsters in sight!

Vanquished Creatures
  A skeletal warrior (D:10)
  An ugly thing (D:11)
  A troll (D:11)
  A hippogriff (D:9)
  3 slime creatures (D:9)
  Grinder (D:3)
  Sigmund (D:3)
  4 yaks (D:11)
  A soldier ant (D:10)
  An orc warrior (D:8)
  4 phantoms
  4 sky beasts
  4 ice beasts
  An eye of draining (D:8)
  5 ogres
  2 centaurs
  A crocodile (D:11)
  2 elf zombies (Ossuary)
  6 bullfrogs
  A big kobold (D:9)
  A gnoll sergeant (D:7)
  A water moccasin zombie (D:7)
  3 scorpions
  8 killer bees
  5 wights (D:8)
  2 electric eels (D:10)
  A howler monkey (D:7)
  4 crimson imps
  A bullfrog zombie (D:8)
  A quasit (D:9)
  3 centaur zombies
  5 hounds
  2 jellies (D:6)
  2 human zombies (Ossuary)
  5 orc priests
  A bullfrog skeleton (D:10)
  Jessica (D:3)
  An iguana (D:2)
  11 orc wizards
  10 worker ants
  Natasha (thrice) (D:3)
  Terence (D:2)
  A killer bee zombie (D:8)
  2 mummies (Ossuary)
  7 gnolls
  14 adders
  4 shadow imps
  An adder zombie (D:10)
  5 adder skeletons
  3 worms
  5 dart slugs
  7 leopard geckos
  36 orcs
  14 bats
  5 giant cockroaches
  11 goblins
  10 hobgoblins
  5 jackals
  2 quokkas (D:4)
  2 ball pythons
  8 frilled lizards
  11 hobgoblin zombies (Ossuary)
  9 kobolds
  12 kobold zombies (Ossuary)
  A leopard gecko zombie (D:8)
  8 orc zombies (Ossuary)
  2 quokka zombies (D:8)
  9 rats
  A rat zombie (Ossuary)
  A spectral orc (D:9)
313 creatures vanquished.

Vanquished Creatures (others)
  Maggie (D:8)
  A plant (D:10)
2 creatures vanquished.

Grand Total: 315 creatures vanquished

Notes
Turn   | Place    | Note
-------+----------+-------------------------------------------
     0 | D:1      | kae the Draconian Transmuter began the quest for the Orb.
     0 | D:1      | Reached XP level 1. HP: 16/16 MP: 3/3
    71 | D:1      | Reached XP level 2. HP: 17/23 MP: 5/5
    90 | D:1      | Learned a level 2 spell: Sticks to Snakes
   357 | D:1      | Reached XP level 3. HP: 29/29 MP: 4/6
   372 | D:1      | Learned a level 3 spell: Spider Form
  1368 | D:2      | Noticed Terence
  1407 | D:2      | Reached XP level 4. HP: 33/36 MP: 5/7
  1981 | D:2      | Found a white marble altar of Elyvilon.
  2000 | D:2      | Reached skill level 4 in Unarmed Combat
  2309 | D:2      | Killed Terence
  2309 | D:2      | Reached XP level 5. HP: 25/42 MP: 6/9
  2733 | D:3      | Found a large runed translucent door.
  2734 | D:3      | Found a large runed translucent door.
  2737 | D:3      | Noticed Error4North's ghost (amateur MiFi)
  2755 | D:3      | Noticed an ogre
  2765 | D:3      | Killed an ogre
  2933 | D:3      | Noticed Grinder
  2939 | D:3      | Paralysed by Grinder for 3 turns
  2951 | D:3      | Gained mutation: Your tail ends in a poisonous barb.
                  | [potion of mutation]
  2951 | D:3      | Gained mutation: Your system is resistant to poisons.
                  | (rPois) [potion of mutation]
  2951 | D:3      | Gained mutation: You are clumsy. (Dex -2) [potion of
                  | mutation]
  2951 | D:3      | Gained mutation: Your flesh is cold resistant. (rC+)
                  | [potion of mutation]
  2971 | D:3      | Killed Grinder
  2971 | D:3      | Reached skill level 5 in Unarmed Combat
  2971 | D:3      | Reached XP level 6. HP: 51/51 MP: 10/10
  3010 | D:3      | Noticed Natasha
  3036 | D:3      | Killed Natasha
  3709 | D:3      | Your scales start taking on a fiery red colour.
  3709 | D:3      | Reached XP level 7. HP: 40/58 MP: 8/11
  3709 | D:3      | Gained mutation: Your flesh is heat resistant. (rF+) [Red
                  | Draconian growth]
  3816 | D:3      | Noticed Jessica
  3835 | D:3      | Killed Jessica
  3915 | D:3      | Noticed Natasha
  3918 | D:3      | Killed Natasha
  3918 | D:3      | Reached skill level 6 in Unarmed Combat
  4026 | D:3      | Noticed Sigmund
  4037 | D:3      | Killed Sigmund
  4320 | D:3      | Noticed Natasha
  4329 | D:3      | Killed Natasha
  5606 | D:4      | Reached skill level 7 in Unarmed Combat
  5606 | D:4      | Reached XP level 8. HP: 58/67 MP: 12/12
  5955 | D:4      | Found an opulent altar of Gozag.
  5955 | D:4      | Found an ancient bone altar of Kikubaaqudgha.
  6032 | D:5      | Entered Level 5 of the Dungeon
  6114 | D:5      | Learned a level 5 spell: Blade Hands
  6200 | D:5      | Reached skill level 5 in Fighting
  6200 | D:5      | Reached skill level 5 in Transmutations
  6866 | D:5      | Found Gumasiq's Book Boutique.
  6869 | D:5      | Found a transporter.
  6877 | D:5      | Reached skill level 8 in Unarmed Combat
  7111 | D:5      | Found Cuull's General Store.
  7125 | D:5      | Found Luecukis's General Store.
  7198 | D:5      | Noticed cheekibreeki's ghost (amateur HOFi)
  7206 | D:5      | Found a transporter.
  7836 | D:6      | Found a shimmering blue altar of Sif Muna.
  7873 | D:6      | Reached skill level 9 in Unarmed Combat
  7898 | D:6      | Found a staircase to the Ecumenical Temple.
  8023 | D:6      | Found a shadowy altar of Dithmenos.
  8105 | Temple   | Entered the Ecumenical Temple
  8265 | Temple   | Became a worshipper of the Wu Jian Council
  8432 | D:7      | Reached XP level 9. HP: 59/74 MP: 6/13
  8489 | D:7      | Found a sand-covered staircase.
  8520 | Ossuary  | Entered an ossuary
  8625 | Ossuary  | Reached * piety under Wu Jian
  9274 | D:7      | Reached skill level 10 in Unarmed Combat
  9284 | D:7      | Reached ** piety under Wu Jian
  9805 | D:8      | Reached skill level 11 in Unarmed Combat
 10132 | D:8      | Reached XP level 10. HP: 44/81 MP: 14/14
 10339 | D:8      | Noticed Maggie
 10352 | D:8      | Killed Maggie
 10440 | D:8      | Reached *** piety under Wu Jian
 10843 | D:9      | Found a basalt altar of Yredelemnul.
 11282 | D:9      | Reached skill level 12 in Unarmed Combat
 11296 | D:9      | Found a basalt altar of Yredelemnul.
 11654 | D:10     | Entered Level 10 of the Dungeon
 12519 | D:10     | Found Feoseeco's Magic Scroll Shop.
 12614 | D:10     | Found a huge runed translucent gate.
 12614 | D:10     | Found a huge runed translucent gate.
 12614 | D:10     | Found a huge runed translucent gate.
 12614 | D:10     | Found a huge runed translucent gate.
 12615 | D:10     | Noticed a manticore
 13171 | D:11     | Noticed a skeletal warrior
 13171 | D:11     | Noticed a skeletal warrior
 13171 | D:11     | Noticed a skeletal warrior
 13181 | D:10     | Killed a skeletal warrior
 13543 | D:11     | Noticed a purple ugly thing
 13762 | D:11     | Reached **** piety under Wu Jian
 13766 | D:11     | Killed a purple ugly thing
 13766 | D:11     | Reached skill level 13 in Unarmed Combat
 13766 | D:11     | Reached XP level 11. HP: 43/86 MP: 11/16
 14075 | D:11     | Slain by an unseen horror

Levels and vault maps discovered:
D:1:      eino_arrival_cavern_d, layout_rooms
D:2:      layout_loops_ring, elyvilon_altar_1, first_ration, uniq_terence
D:3:      layout_loops_corners, ebering_ghost_disaster_area, uniq_jessica,
          uniq_natasha, uniq_grinder, uniq_sigmund
D:4:      layout_cave_pools, gammafunk_temple_overflow_elements,
          chequers_serial_rivers_room_a, chequers_serial_rivers_micro_c,
          kennysheep_generic_room_12
D:5:      layout_basic, gammafunk_ghost_stat_death, serial_shops, shop,
          shop_statue, nicolae_shop_competitors_out_of_business, grunt_decor_cap
D:6:      layout_basic, led_sif_book, nicolae_dithmenos_through_a_glass_darkly,
          minmay_temple_entry_trees
D:7:      layout_rooms, nicolae_ossuary_entry_false_entrances
D:8:      layout_gridville, uniq_maggie
D:9:      layout_roguey, yredelemnul_forgotten_temple_becter, basic_altar
D:10:     lemuel_bear_cage, layout_basic, serial_shops,
          nicolae_shop_temple_entry_statues_fountains, grunt_ogre_cave,
          serial_bayou_lake_a
D:11:     layout_loops_ring, dpeg_oklobed_lair, serial_shops, shop,
          statue_in_the_mist_lemuel
Temple:   regret_index_temple_sphere_string

Skill      XL: |  1  2  3  4  5  6  7  8  9 10 11 |
---------------+----------------------------------+-----
Fighting       | 2 3 4 5 |  5.0
Unarmed Combat | 4 5 7 9 11 13 | 13.1
Spellcasting   | 3 4 |  4.0
Transmutations | 3 4 6 8 9 |  9.6
Dodging        | |  1.7

Action                   |  1- 3 |  4- 6 |  7- 9 | 10-12 || total
-------------------------+-------+-------+-------+-------++-------
Melee: Unarmed           |   150 |   145 |   581 |   347 ||  1223
       Kick              |     4 |     1 |     3 |       ||     8
       Tailslap          |    12 |     4 |    72 |    38 ||   126
       Headbutt          |     5 |       |       |       ||     5
       Punch             |     1 |     2 |    13 |    19 ||    35
 Cast: Beastly Appendage |     9 |     4 |     3 |       ||    16
       Spider Form       |       |     9 |     6 |       ||    15
       Blade Hands       |       |       |       |     2 ||     2
Invok: Lunge             |       |       |    23 |    16 ||    39
       Whirlwind         |       |       |    10 |     4 ||    14
 Abil: Breathe Fire      |       |       |    19 |     7 ||    26
Evoke: Wand              |       |       |     1 |       ||     1
  Use: Scroll            |     4 |       |    12 |     3 ||    19
       Potion            |       |     6 |     1 |     1 ||     8
 Stab: Sleeping          |     1 |     1 |       |     3 ||     5
       Distracted        |       |       |     2 |       ||     2
       Paralysed         |       |       |     1 |       ||     1
  Eat: Chunk             |     1 |     9 |    21 |    10 ||    41
       Ration            |       |       |     1 |     2 ||     3
Armor: Skin              |    54 |    28 |   130 |   106 ||   318
Dodge: Dodged            |   107 |   100 |   336 |   208 ||   751
       Deflected         |       |       |     3 |     7 ||    10

Table legend:
 A = Non-vault XP
 B = Vault XP
 C = Vault XP percentage of total XP
 D = Non-vault monster count
 E = Vault monster count
 F = Vault count percentage of total count
                 A         B        C        D         E       F
            +---------+---------+-------+---------+---------+-------
      Total |   11052 |    1174 |   9.6 |     265 |      48 |  15.3
            +---------+---------+-------+---------+---------+-------
        D:1 |      58 |       0 |   0.0 |      34 |       0 |   0.0
        D:2 |     124 |      32 |  20.5 |      26 |       1 |   3.7
        D:3 |     389 |     564 |  59.2 |      28 |       4 |  12.5
        D:4 |     638 |       0 |   0.0 |      31 |       0 |   0.0
        D:5 |     276 |       0 |   0.0 |      13 |       0 |   0.0
        D:6 |     590 |      82 |  12.2 |      16 |       2 |  11.1
        D:7 |    1256 |       0 |   0.0 |      26 |       0 |   0.0
        D:8 |    1602 |       0 |   0.0 |      32 |       0 |   0.0
        D:9 |    2020 |       1 |   0.0 |      25 |       1 |   3.8
       D:10 |    1516 |     113 |   6.9 |      16 |       1 |   5.9
       D:11 |    2583 |       0 |   0.0 |      18 |       0 |   0.0
    Ossuary |       0 |     382 | 100.0 |       0 |      39 | 100.0
            +---------+---------+-------+---------+---------+-------
